Map: Berlingrad LE

Players

A.I. 1 (Very Easy) - Winner!

  • Race: Zerg Zerg

TheCowboy

  • Race: Protoss Protoss
  • League: Grandmaster

VOD

Have the link to the VOD?

Description

Time

  • Played on: Dec. 4, 2021, 11:36 a.m.
  • Length: 2:34
Show
View Real Time Build Order
Export as new Build Order

A.I. 1 (Very Easy) Zerg - Winner!

Build Orders: Pool Only 

Get SALT Encoding   

  12  0:01  Drone  
  13  0:12  Overlord  
  13  0:16  Drone  
  14  0:35  Spawning Pool  
  14  0:37  Extractor  
  14  0:39  Drone  
  13  0:46  Drone  
  14  0:52  Overlord  
  14  1:23  Zergling x2, Queen  
  17  1:31  Roach Warren  
  16  1:34  Drone  
  16  1:38  Extractor  
  16  1:42  Drone  
  17  1:52  Zergling x2  
  18  2:01  Drone  
  19  2:08  Drone  
  20  2:17  Drone  
Show
View Real Time Build Order
Export as new Build Order

TheCowboy Protoss 

Build Orders: 1 Gate Expand 

Get SALT Encoding   

  12  0:00  Probe  
  13  0:12  Probe  
  14  0:20  Pylon  
  14  0:24  Probe  
  15  0:38  Probe  
  15  0:39  Gateway  
  16  1:07  Nexus  
  16  1:10  Probe  
  17  1:18  Pylon  
  18  1:26  Zealot (Chrono Boost)  
  18  1:29  Assimilator  
  19  1:33  Probe  
  20  1:44  Cybernetics Core  
  20  1:45  Probe  
  21  1:50  Zealot (Chrono Boost)  
  23  1:59  Probe  
  24  2:09  Pylon  
  24  2:11  Probe  
  25  2:19  Probe  
Tags
 
Add a new tag
Caveats
  • Supply blocks, unpowered buildings, or Contaminate may cause inaccurate times.
  • Supply counts are checked every 10 seconds.